 Dungeon Crawl Stone Soup version 0.16-a0-4004-g8d6611c (webtiles) character file.

79 Charly the Charmwright (level 4, 0/36 HPs)
             Began as a Draconian Skald on Feb 15, 2015.
             Slain by an orc priest
             ... wielding a +0 club
              (5 damage)
             ... on level 3 of the Dungeon.
             The game lasted 00:07:40 (677 turns).

Charly the Charmwright (Draconian Skald)             Turns: 677, Time: 00:07:40

Health: 0/36       AC:  5    Str: 14    XL:     4   Next: 17%
Magic:  1/7        EV: 12    Int: 14    God:
Gold:   30         SH:  0    Dex: 10    Spells: 3 memorised, 1 level left

rFire  . . .     SeeInvis .     a - +0 spear
rCold  . . .     Clarity  .     (armour unavailable)
rNeg   . . .     SustAb   .     (no shield)
rPois  .         Gourm    .     (helmet restricted)
rElec  .         Spirit   .     (no cloak)
rCorr  .         Warding  .     (no gloves)
rMut   .         Stasis   .     (no boots)
MR     .....                    (no amulet)
Stlth  +.........               (no ring)
                                (no ring)

@: very slightly contaminated, not resistant to hostile enchantments, very
unstealthy
A: unfitting armour, cold-blooded, AC +5
a: no special abilities


You were on level 3 of the Dungeon.
You were not hungry.

You visited 1 branch of the dungeon, and saw 3 of its levels.

You collected 30 gold pieces.

Inventory:

Hand weapons
 a - a +0 spear (weapon)
Scrolls
 e - 3 scrolls of remove curse {unknown}
 f - a scroll of blinking {unknown}
 g - a scroll of identify {unknown}
Potions
 b - a potion of heal wounds {unknown}
Books
 c - a book of Battle

   Spells                             Type                      Level
   a - Infusion                       Charms                       1
   b - Shroud of Golubria             Charms/Translocation         2
   c - Song of Slaying                Charms                       2
   d - Spectral Weapon                Hexes/Charms                 3
   e - Regeneration                   Charms/Necromancy            3
Comestibles
 d - a bread ration


   Skills:
 - Level 2.1 Fighting
 + Level 3.3 Polearms
 - Level 1.6 Dodging
 - Level 2.0 Spellcasting
 + Level 0.8 Hexes
 + Level 3.4 Charms


You had one spell level left.
You knew the following spells:

 Your Spells              Type           Power        Failure   Level  Hunger
g - Shroud of Golubria    Chrm/Tloc      #.........   21%         2    ###....
i - Infusion              Chrm           ##....       10%         1    ##.....
w - Spectral Weapon       Hex/Chrm       #.......     30%         3    ####...


Dungeon Overview and Level Annotations

Branches:
Dungeon (3/15)

Altars:


Innate Abilities, Weirdness & Mutations

Your plain brown scales are hard (AC +5).
Your body does not fit into most forms of armour.
Your cold-blooded metabolism reacts poorly to cold.


Message History

You swap places.
You hit the orc priest but do no damage.
Your tail-slap misses the orc priest.
Your spectral weapon barely misses the orc priest.
The orc priest hits you with a club.
* * * LOW HITPOINT WARNING * * *
You closely miss the orc priest.
Your spectral weapon hits the orc priest but does no damage.
The orc priest hits you but does no damage.
You closely miss the orc priest.
Your spectral weapon barely misses the orc priest.
The orc priest barely misses you.
You closely miss the orc priest.
Your spectral weapon hits the orc priest but does no damage.
The orc priest hits you with a club.
* * * LOW HITPOINT WARNING * * *
You closely miss the orc priest.
Your spectral weapon hits the orc priest from afar.
The orc priest hits you with a club.
You die...

#.....>......(.....
.............
#####...####.####.#
##+###......
+........####.#####.#
##.....
#...####.............
...### #...#
#..........o.. ...# .
#...# #.....o........
... ..###...# #l#
......###########o#
......####.....(@.#
.........'........#
......####.......##
......# #.......#
##....# #.......#
#....# #.......#
###... ........# #...
...####### #... ...#


You could see an orc priest, an orc, a giant newt and a friendly spectral spear.

Vanquished Creatures
  Jessica (D:2)
  2 adders
  A worm (D:2)
  2 giant geckos
  An ooze (D:3)
  2 orcs (D:3)
  A ball python (D:2)
  3 bats
  2 giant cockroaches (D:2)
  4 goblins
  4 hobgoblins (D:1)
  4 jackals (D:2)
  4 giant newts
  3 kobolds (D:2)
  3 rats
37 creatures vanquished.

Notes
Turn   | Place    | Note
--------------------------------------------------------------
     0 | D:1      | Charly, the Draconian Skald, began the quest for the Orb.
     0 | D:1      | Reached XP level 1. HP: 17/17 MP: 3/3
   101 | D:1      | Reached XP level 2. HP: 15/24 MP: 1/4
   105 | D:1      | Learned a level 2 spell: Shroud of Golubria
   148 | D:1      | Reached skill level 3 in Charms
   243 | D:2      | Noticed Jessica
   263 | D:2      | Killed Jessica
   263 | D:2      | Reached XP level 3. HP: 12/29 MP: 0/6
   269 | D:2      | Learned a level 3 spell: Spectral Weapon
   573 | D:3      | Reached XP level 4. HP: 8/36 MP: 3/7
   677 | D:3      | Slain by an orc priest

Action                   |  1- 3 |  4- 6 || total
-------------------------+-------+-------++-------
Melee: Spear             |   139 |    14 ||   153
 Cast: Infusion          |    10 |     1 ||    11
       Spectral Weapon   |       |     1 ||     1
 Stab: Sleeping          |     2 |       ||     2
